AoeStats
← Cholo-Mochica

Arena

510626208Analyzed
4v4 RM · 2d ago on Oct 1, 2026· 72m 23s· 8 players
Game mode
Random Map
Map size
Large (8 player)
Population
200
Speed
Normal
Resources
Standard
Victory
Conquest
Starting age
Dark Age
Ending age
Imperial Age
RankedLock teamsTeams togetherTeam positionsShared explorationLock speedFull tech treeHidden civsTurbo modeCheats
Victory
Defeat
🇧🇷 Celts · Brazil
777
+8
🇧🇷 Jurchens · Brazil
649
+13
🇨🇦 Vietnamese · Canada
608
+14
🇧🇷 Turks · Brazil
603
+15
🇹🇼 Persians · Taiwan
618
-14
🇲🇽 Tatars · Mexico
594
-13
🇪🇸 Franks · Spain
592
-13
🇺🇸 Saxons · United States
529
-10
lindian04
8:10 Loom
10:31 Feudal Age
11:52 Wheelbarrow
11:05 Double-Bit Axe
11:02 Horse Collar
14:31 Arson
14:53 Gold Mining
15:05 Stone Mining
19:31 Town Watch
23:40 Castle Age
21:47 Man-at-Arms
25:12 Hand Cart
25:09 Padded Archer Armor
25:00 Fletching
25:26 Crossbowman
26:24 Thumb Ring
26:25 Squires
27:54 Stone Shaft Mining
28:13 Leather Archer Armor
30:37 Pikeman
33:07 Town Patrol
34:42 Scale Barding Armor
34:37 Scale Mail Armor
34:48 Forging
35:02 Bodkin Arrow
35:11 Chatras
39:36 Imperial Age
37:43 Bow Saw
37:35 Heavy Plow
38:19 Coinage
37:50 Caravan
39:47 Chain Mail Armor
39:54 Chain Barding Armor
40:09 Iron Casting
40:48 Paper Money
40:09 Arbalester
44:21 Elite Rattan Archer
45:37 Hoardings
45:38 Plate Mail Armor
45:44 Plate Barding Armor
45:10 Bracer
45:40 Ring Archer Armor
49:33 Sappers
54:20 Two-Man Saw
53:53 Crop Rotation
53:54 Halberdier
70:36 Chemistry
69:22 Arrowslits
69:27 Guard Tower
69:58 Ballistics
69:28 Heated Shot
69:48 Fortified Wall
69:34 Murder Holes
69:50 Clinker Construction
69:50 Careening
69:46 Siege Engineers
69:51 Masonry
69:22 Treadmill Crane
72:11 Bombard Tower
terciarium
3:34 Loom
11:41 Feudal Age
17:52 Castle Age
16:53 Double-Bit Axe
16:51 Horse Collar
21:51 Wheelbarrow
21:39 Loom
22:19 Fervor
22:07 Gold Mining
23:18 Heavy Plow
23:19 Town Watch
30:33 Imperial Age
28:38 Hand Cart
28:50 Bow Saw
29:54 Ballistics
29:32 Murder Holes
31:00 Gold Shaft Mining
30:16 Stone Mining
30:36 Town Patrol
31:38 Furor Celtica
32:43 Chemistry
32:37 Heavy Scorpion
34:00 Onager
35:03 Scale Mail Armor
36:25 Heated Shot
36:31 Fletching
36:41 Padded Archer Armor
36:53 Forging
37:28 Elite Woad Raider
37:34 Elite Woad Raider
39:10 Stone Shaft Mining
39:45 Conscription
42:18 Capped Ram
42:19 Siege Onager
45:01 Siege Ram
53:09 Caravan
67:51 Iron Casting
67:32 Chain Mail Armor
67:23 Scale Barding Armor
67:14 Bodkin Arrow
67:34 Leather Archer Armor
ManilaTen142289
12:41 Feudal Age
13:07 Double-Bit Axe
17:12 Man-at-Arms
17:46 Horse Collar
20:05 Gold Mining
20:09 Stone Mining
27:40 Castle Age
30:00 Squires
29:21 Long Swordsman
30:42 Bow Saw
30:47 Heavy Plow
31:04 Fletching
31:41 Caravan
34:48 Gold Shaft Mining
34:45 Bodkin Arrow
37:49 Imperial Age
37:55 Scale Barding Armor
38:02 Forging
37:53 Scale Mail Armor
39:00 Conscription
42:05 Artillery
42:47 Two-Handed Swordsman
43:31 Husbandry
43:42 Bloodlines
45:48 Cavalier
45:49 Heavy Camel Rider
47:14 Chain Barding Armor
47:58 Wheelbarrow
49:37 Two-Man Saw
49:20 Hand Cart
50:11 Elite Janissary
56:42 Sipahi
58:49 Parthian Tactics
58:30 Thumb Ring
57:45 Heavy Cavalry Archer
63:14 Champion
64:32 Iron Casting
64:13 Chain Mail Armor
64:33 Plate Barding Armor
63:59 Padded Archer Armor
64:00 Bracer
Cholo-Mochica
10:11 Feudal Age
10:40 Double-Bit Axe
11:40 Loom
13:14 Horse Collar
17:41 Bloodlines
24:12 Castle Age
26:20 Heavy Plow
26:41 Bow Saw
27:34 Wheelbarrow
27:17 Siege Engineers
27:38 Ballistics
30:03 Hand Cart
31:24 Murder Holes
31:26 Town Watch
37:23 Imperial Age
35:41 Gold Mining
35:42 Stone Mining
36:13 Town Patrol
39:13 Chemistry
38:42 Caravan
38:23 Heavy Scorpion
41:38 Two-Man Saw
41:11 Fortified Bastions
41:31 Conscription
42:33 Crop Rotation
42:44 Pikeman
43:48 Halberdier
45:44 Squires
45:30 Gambesons
45:31 Arson
49:03 Light Cavalry
49:44 Husbandry
51:43 Elite Iron Pagoda
52:34 Thunderclap Bombs
52:20 Fletching
52:41 Forging
52:31 Scale Mail Armor
52:37 Scale Barding Armor
55:25 Elite Steppe Lancer
56:34 Chain Barding Armor
56:29 Chain Mail Armor
56:50 Iron Casting
58:47 Plate Barding Armor
61:55 Heavy Rocket Cart
71:05 Blast Furnace
er_titi92
11:19 Feudal Age
11:33 Feudal Age
12:00 Double-Bit Axe
13:16 Wheelbarrow
16:23 Gold Mining
24:15 Castle Age
23:50 Scale Barding Armor
25:33 Crossbowman
29:14 Gold Shaft Mining
28:30 Stone Mining
29:32 Elite Skirmisher
35:57 Hand Cart
36:16 Bow Saw
38:48 Imperial Age
37:00 Caravan
37:59 Chain Barding Armor
37:40 Padded Archer Armor
37:31 Fletching
37:52 Forging
37:42 Scale Mail Armor
38:39 Treadmill Crane
39:12 Masonry
39:24 Ballistics
39:11 Husbandry
38:55 Cavalier
40:20 Plate Barding Armor
40:51 Chemistry
39:37 Arrowslits
40:59 Paladin
50:14 Architecture
49:51 Siege Engineers
53:26 Iron Casting
54:54 Herbal Medicine
57:01 Light Cavalry
58:39 Leather Archer Armor
58:19 Bodkin Arrow
59:31 Blast Furnace
65:32 Conscription
70:42 Guard Tower
Cool
11:27 Feudal Age
12:11 Double-Bit Axe
14:18 Loom
14:57 Horse Collar
17:29 Gold Mining
20:18 Castle Age
20:28 Stone Mining
24:21 Fortified Wall
24:05 Treadmill Crane
27:17 Fletching
29:12 Bow Saw
29:04 Heavy Plow
31:12 Gold Shaft Mining
31:24 Bodkin Arrow
34:42 Masonry
36:21 Squires
36:09 Gambesons
41:38 Imperial Age
47:01 Bracer
47:03 Scale Mail Armor
58:36 Coinage
59:50 Banking
61:51 Wheelbarrow
64:01 Two-Man Saw
✪KillerMx✪
9:56 Feudal Age
10:34 Double-Bit Axe
14:51 Horse Collar
16:16 Wheelbarrow
21:23 Castle Age
22:31 Bow Saw
30:10 Arson
30:25 Squires
29:45 Pikeman
32:37 Bloodlines
35:35 Imperial Age
33:52 Hand Cart
35:00 Forging
34:55 Scale Barding Armor
34:51 Scale Mail Armor
37:02 Iron Casting
36:50 Husbandry
36:56 Heavy Plow
37:09 Elite Steppe Lancer
38:38 Halberdier
40:22 Blast Furnace
40:43 Chain Barding Armor
40:20 Gold Mining
41:14 Crop Rotation
44:49 Plate Barding Armor
43:43 Light Cavalry
47:19 Hussar
49:06 Fortified Wall
49:11 Capped Ram
Test
0:45 Loom
9:32 Feudal Age
17:39 Castle Age
16:21 Double-Bit Axe
16:41 Horse Collar
19:39 Bow Saw
20:08 Heavy Plow
23:35 Pikeman
30:28 Squires
30:55 Stone Mining
30:56 Gold Mining
33:42 Imperial Age
32:21 Wheelbarrow
32:41 Kamandaran
32:45 Crossbowman
34:15 Hand Cart
35:19 Two-Man Saw
35:04 Crop Rotation
36:58 Conscription
38:10 Chemistry
37:31 Ballistics
37:19 Thumb Ring
38:08 Elite War Elephant
38:58 Scale Barding Armor
38:59 Padded Archer Armor
38:49 Fletching
40:29 Citadels
40:38 Citadels
41:22 Chain Barding Armor
41:19 Leather Archer Armor
40:59 Bodkin Arrow
43:01 Husbandry
43:12 Bloodlines
45:10 Halberdier
45:37 Arson
47:38 Ring Archer Armor
47:04 Bodkin Arrow
50:55 Plate Barding Armor
Connection lost

Rejoining the realm…

Still unreachable

The connection could not be restored.

Session expired

The server has moved on; the page needs a fresh start.